cohdb
Replays
Latest Replays
All Replays
Popular Replays
Top Player Replays
Match Explorer
How It Works
Community
CoH3 Stats
Reddit
Sign in to upload your games and track your stats! →
Sign in with Steam
Match 34539241
Unlisted
Match 34539241
Overview
Messages
Build Orders
End
Engineer Squad
Construct Weapon Support Center
Selects Airborne Battlegroup
Selects Pathfinders
Sniper
Selects Paratrooper Squad Paradrop
Paratrooper Squad Paradrop
Air Support Center
Paratrooper Squad Paradrop
Selects Smoke Bombing Run
Selects Supply Drop
Supply Drop
Construct Motor Pool
P-47 Strafing Run
P-47 Dive Bomb
M8 Greyhound Armored Car
Engineer Squad
Smoke Bombing Run
P-47 Strafing Run
Supply Drop
Double Sortie
Air Supply
P-47 Strafing Run
P-47 Dive Bomb
P-47 Strafing Run
Selects Anti-tank Gun Team Paradrop
Anti-tank Gun Team Paradrop
Paratrooper Squad Paradrop
Grasshopper Recon Run
P-47 Strafing Run
Construct Tank Depot
.30 cal Machine Gun
Grasshopper Recon Run
P-47 Dive Bomb
Supply Drop
P-47 Strafing Run
M4(105) Sherman Bulldozer
P-47 Strafing Run
Grasshopper Recon Run
M18 Hellcat Tank Destroyer
P-47 Strafing Run
Gabe_Real
Luce, praise be
Turtleboy
Goldrabe
hexxcode
ktm_drinks_beer
0
0
Comments
sign in to comment!
No comments posted yet!